 Dungeon Crawl Stone Soup version 0.21.1-1-g345015f (webtiles) character file.

2739 kae the Insei (level 9, 0/102 HPs)
             Began as a Demonspawn Transmuter on June 12, 2018.
             Slain by a killer bee zombie (5 damage)
             ... on level 7 of the Dungeon.
             The game lasted 00:08:40 (7830 turns).

kae the Insei (Demonspawn Transmuter)               Turns: 7830, Time: 00:08:41

Health: 0/102      AC: 24    Str: 11    XL:     9   Next: 40%
Magic:  16/16      EV:  2    Int: 14    God:
Gold:   516        SH:  0    Dex: 17    Spells: 12/18 levels left

rFire    . . .     SeeInvis .     - Unarmed
rCold    . . .     Gourm    .   (no shield)
rNeg     + + +     Faith    .   (armour currently unavailable)
rPois    +         Spirit   .   (helmet currently unavailable)
rElec    .         Reflect  .   (cloak currently unavailable)
rCorr    .         Harm     .   (gloves currently unavailable)
MR       .....     NoTele   +   (boots currently unavailable)
Stlth    ++........             (no amulet)
HPRegen  0.27/turn              w - ring of wizardry
MPRegen  0.15/turn              t - ring of positive energy

@: tree-form
A: powered by pain 2
a: no special abilities


You were on level 7 of the Dungeon.
You were hungry.
You were a tree.
You visited 1 branch of the dungeon, and saw 7 of its levels.

You collected 516 gold pieces.

Inventory:

Missiles
 a - 162 arrows
Armour
 b - a +0 robe (melded)
 i - a -1 helmet
 j - a +1 pair of boots (melded)
 r - a +2 cloak of poison resistance (melded)
Jewellery
 s - an uncursed ring of fire
 t - a ring of positive energy (right branch)
 w - a ring of wizardry (left branch)
Wands
 y - a wand of iceblast (10)
 z - a wand of digging (16)
Scrolls
 f - 3 scrolls of immolation
 g - 2 scrolls of fear
 h - a scroll of teleportation
 n - 5 scrolls of identify
 p - 6 scrolls of remove curse
 u - 2 scrolls of magic mapping
Potions
 k - a potion of curing
 l - 2 potions of haste
 m - 4 potions of degeneration
 o - 2 potions of ambrosia
 q - 3 potions of flight
 v - a potion of invisibility
Books
 c - a book of Changes

   Spells                             Type                      Level
   a - Beastly Appendage              Transmutation                1
   b - Sticks to Snakes               Transmutation                2
   c - Spider Form                    Transmutation/Poison         3
   d - Ice Form                       Ice/Transmutation            4
   e - Blade Hands                    Transmutation                5
Comestibles
 d - 10 rations


   Skills:
 + Level 5.1 Fighting
 + Level 5.1 Dodging
 * Level 7.4 Unarmed Combat
 + Level 5.1 Spellcasting
 + Level 5.0 Transmutations


You had 12 spell levels left.
You knew the following spells:

 Your Spells              Type           Power        Failure   Level  Hunger
a - Beastly Appendage     Tmut           ###...       1%          1    None
b - Sticks to Snakes      Tmut           ###.....     1%          2    ##.....
c - Spider Form           Tmut/Pois      ##........   8%          3    ###....


Dungeon Overview and Level Annotations

Branches:
Dungeon (7/15)
 Temple: D:4-7

Altars:
Ashenzari
Elyvilon
Fedhas
Gozag
Hepliaklqana
Kikubaaqudgha
Nemelex Xobeh
Ru
Trog
Yredelemnul

Annotations:
D:4 Alter's ghost, amateur GrVM


Innate Abilities, Weirdness & Mutations

((You have a pair of small horns on your head.))
((You are mostly covered in large bone plates. (SH +6)))
You sometimes gain power by taking damage.
((You are mostly covered in sharp spines.))


Message History

Reactivating autopickup.
Your Fighting skill increases to level 5!
Your Dodging skill increases to level 5!
Your Spellcasting skill increases to level 5!
Your Transmutations skill increases to level 5!
You feel a bit more experienced.
You swing at nothing.
A killer bee zombie comes into view.
You hit the killer bee zombie.
The killer bee zombie is lightly damaged.
The killer bee zombie hits you but does no damage.
You miss the killer bee zombie.
The killer bee zombie is lightly damaged.
The killer bee zombie hits you.
* * * LOW HITPOINT WARNING * * *
The killer bee zombie hits you but does no damage.
You smack the killer bee zombie!
The killer bee zombie is heavily damaged.
The killer bee zombie hits you.
You die...

..........#.......
....._...#.....#
#._8_..#.....#
#.._...#.....# #.
#............# #..
###.........############.
#####.s......[..)).(##.
##+#.##########.# # #♣Z.#
#.# # ##### #.# # #.# #
#.# #.# #.### #.##. #.##.
#.###


You could see a killer bee zombie.

Vanquished Creatures
  An unseen horror (D:7)
  Sigmund (D:2)
  Edmund (D:4)
  3 ice beasts
  2 sky beasts (D:5)
  A black bear (D:6)
  An orc warrior (D:6)
  2 ogres (D:6)
  3 centaurs
  2 scorpions
  A water moccasin skeleton (D:5)
  A howler monkey (D:5)
  3 crimson imps (D:5)
  An orc priest (D:3)
  4 hounds
  An orc wizard (D:7)
  A bullfrog zombie (D:6)
  A bullfrog skeleton (D:4)
  Ijyb (D:3)
  4 iguanas
  3 worker ants
  The ghost of Iko the Ducker, a weakling FeMo (D:3)
  A hound skeleton (D:5)
  6 adders
  4 gnolls (D:2)
  An ooze (D:2)
  An adder zombie (D:5)
  2 adder skeletons (D:5)
  A worm (D:2)
  3 leopard geckos
  13 orcs
  4 ball pythons
  8 giant cockroaches
  14 goblins
  9 hobgoblins
  15 jackals
  3 quokkas
  A ball python skeleton (D:5)
  7 bats
  6 frilled lizards
  8 kobolds
  A quokka zombie (D:5)
  3 rats
150 creatures vanquished.

Notes
Turn   | Place    | Note
-------+----------+-------------------------------------------
     0 | D:1      | kae the Demonspawn Transmuter began the quest for the Orb.
     0 | D:1      | Reached XP level 1. HP: 15/15 MP: 3/3
   200 | D:1      | Gained mutation: You are partially covered in sharp spines. [demonic ancestry]
   200 | D:1      | Reached XP level 2. HP: 21/21 MP: 5/5
   228 | D:1      | Learned a level 2 spell: Sticks to Snakes
   301 | D:1      | Reached skill level 3 in Unarmed Combat
   940 | D:2      | Noticed Sigmund
   943 | D:2      | Gained mutation: You sometimes gain a little power by taking damage. [demonic ancestry]
   943 | D:2      | Reached XP level 3. HP: 23/26 MP: 4/6
  1181 | D:2      | Found an opulent altar of Gozag.
  1218 | D:2      | Learned a level 3 spell: Spider Form
  1316 | D:2      | Gained mutation: You are mostly covered in sharp spines. [demonic ancestry]
  1316 | D:2      | Reached XP level 4. HP: 31/32 MP: 7/7
  2137 | D:3      | Noticed Iko's ghost (weakling FeMo)
  2139 | D:2      | Gained mutation: You are partially covered in large bone plates. (SH +4) [demonic ancestry]
  2139 | D:2      | Reached XP level 5. HP: 38/38 MP: 8/8
  2179 | D:2      | Killed Sigmund
  2179 | D:2      | Reached skill level 4 in Unarmed Combat
  2179 | D:2      | Reached XP level 6. HP: 46/46 MP: 5/10
  2501 | D:3      | Killed Iko's ghost
  2831 | D:3      | Found a white marble altar of Elyvilon.
  2991 | D:3      | Noticed Ijyb
  3090 | D:3      | Killed Ijyb
  3426 | D:4      | Noticed an ice beast
  3461 | D:4      | Found a shattered altar of Ashenzari.
  3503 | D:4      | Noticed Alter's ghost (amateur GrVM)
  3591 | D:3      | HP: 1/46 [poisoned by Alter's ghost (sting)]
  3847 | D:4      | Gained mutation: You are mostly covered in large bone plates. (SH +6) [demonic ancestry]
  3847 | D:4      | Reached XP level 7. HP: 38/51 MP: 7/11
  3935 | D:4      | Found a bloodstained altar of Trog.
  4030 | D:4      | Noticed Edmund
  4057 | D:4      | Killed Edmund
  4057 | D:4      | Reached skill level 5 in Unarmed Combat
  4527 | D:5      | Entered Level 5 of the Dungeon
  4907 | D:5      | Gained mutation: You have a pair of small horns on your head. [demonic ancestry]
  4907 | D:5      | Reached XP level 8. HP: 33/59 MP: 7/13
  4955 | D:5      | Found the +8 longbow "Zephyr" {speed, Dex+3 SInv}
  5222 | D:5      | Reached skill level 6 in Unarmed Combat
  5581 | D:5      | Found a hazy altar of Hepliaklqana.
  6860 | D:6      | Found a sparkling altar of Nemelex Xobeh.
  6888 | D:6      | Gained mutation: You sometimes gain power by taking damage. [demonic ancestry]
  6888 | D:6      | Reached XP level 9. HP: 60/66 MP: 7/16
  7762 | D:7      | Reached skill level 7 in Unarmed Combat
  7773 | D:7      | Found a sacrificial altar of Ru.
  7778 | D:7      | Found a blossoming altar of Fedhas.
  7778 | D:7      | Found a basalt altar of Yredelemnul.
  7780 | D:7      | Found an ancient bone altar of Kikubaaqudgha.
  7825 | D:7      | HP: 5/100 [something (2)]
  7826 | D:7      | Killed an unseen horror
  7826 | D:7      | Reached skill level 5 in Fighting
  7826 | D:7      | Reached skill level 5 in Dodging
  7826 | D:7      | Reached skill level 5 in Spellcasting
  7826 | D:7      | Reached skill level 5 in Transmutations
  7830 | D:7      | Slain by a killer bee zombie

Skill      XL: |  1  2  3  4  5  6  7  8  9 |
---------------+----------------------------+-----
Dodging        | 2 3 4 5 |  5.1
Unarmed Combat | 3 4 5 6 7 |  7.4
Transmutations | 2 3 4 5 |  5.0
Fighting       | 2 3 4 5 |  5.1
Spellcasting   | 3 4 5 |  5.1

Action                   |  1- 3 |  4- 6 |  7- 9 || total
-------------------------+-------+-------+-------++-------
Melee: Unarmed           |    97 |   169 |   211 ||   477
       Headbutt          |     2 |       |    10 ||    12
       Punch             |     1 |     3 |     3 ||     7
 Cast: Beastly Appendage |     2 |       |       ||     2
       Spider Form       |       |     9 |    17 ||    26
       Sticks to Snakes  |       |       |     5 ||     5
  Use: Potion            |     3 |     2 |     5 ||    10
       Scroll            |     6 |     8 |     3 ||    17
 Stab: Sleeping          |       |       |     3 ||     3
  Eat: Chunk             |     1 |     3 |    11 ||    15
       Ration            |       |     2 |     1 ||     3
Armor: Robe              |    27 |    17 |    25 ||    69
       Skin              |       |     1 |     6 ||     7
Dodge: Dodged            |    77 |    98 |   148 ||   323
Block: Other             |       |    11 |    22 ||    33
